 Dungeon Crawl Stone Soup version 0.14-a0-2071-g7172c92 (webtiles) character file.

10226 Mitsuki the Grappler (level 11, -4/105 HPs)
             Began as a Troll Monk on Jan 23, 2014.
             Was an Elder of Makhleb.
             Slain by a four-headed hydra (12 damage)
             ... on Level 12 of the Dungeon.
             The game lasted 00:33:25 (8004 turns).

Mitsuki the Grappler (Troll Monk)                   Turns: 8004, Time: 00:33:25

HP  -4/105       AC 16     Str 21      XL: 11   Next: 28%
MP  20/20        EV  7     Int  6      God: Makhleb [****..]
Gold 359         SH  0     Dex 15      Spells:  0 memorised, 10 levels left

rFire  x . .     SeeInvis .       - Unarmed
rCold  + + .     Clarity  .     B - +1 ice dragon armour
rNeg   . . .     Conserve .     (shield restricted)
rPois  .         rCorr    .     (helmet restricted)
rElec  .         rRot     .     G - +0 dwarf cloak
SustAb . .       Spirit   .     (gloves unavailable)
rMut   .         Warding  .     (boots unavailable)
Gourm  +         Stasis   .     (no amulet)
MR     .....                    A - ring of regeneration
                                (no ring)

@: invisible, not resistant to hostile enchantments, extremely unstealthy
A: unfitting armour, claws 3, fast metabolism 3, gourmand, regeneration 2,
saprovore 2, shaggy fur 1, tough skin 2
a: Minor Destruction, Lesser Servant of Makhleb, Major Destruction, Renounce
Religion


You were on level 12 of the Dungeon.
You worshipped Makhleb.
Makhleb was greatly pleased with you.
You were very full.

You visited 2 branches of the dungeon, and saw 13 of its levels.

You collected 359 gold pieces.

Inventory:

Missiles
 x - a large rock (quivered)
Armour
 B - a +1 ice dragon armour (worn)
 G - a +0 dwarven cloak (worn)
Magical devices
 t - a wand of fireball (2)
 I - a wand of confusion (7)
Comestibles
 b - 5 meat rations
 i - 2 apples
 j - 8 bread rations
 k - a choko
 m - 2 beef jerkies
 r - 8 cheeses
 v - a honeycomb
 z - 3 pears
 E - 10 grapes
 L - a chunk of cyclops flesh
Scrolls
 f - 7 scrolls of identify
 g - 4 scrolls of teleportation
 n - a scroll of enchant weapon III
 p - 2 scrolls of magic mapping
 q - a scroll of torment {unknown}
 u - 2 scrolls of enchant weapon I
 w - 3 scrolls of fog
 y - a scroll of remove curse
 F - a scroll of enchant armour
 M - a scroll of curse jewellery {unknown}
Jewellery
 e - an uncursed ring of fire
 l - an uncursed amulet of resist mutation
 A - a ring of regeneration (right claw)
 J - an uncursed ring of fire
Potions
 c - 4 potions of curing
 d - a potion of speed
 h - 4 potions of magic
 o - a potion of restore abilities
 s - 2 potions of agility
 D - a potion of brilliance
 H - a potion of berserk rage
Books
 C - a book of Enchantments

   Spells                             Type                      Level
   Cause Fear                         Hexes                        4
   Silence                            Hexes/Air                    5
   Tukima's Dance                     Hexes                        5
   Deflect Missiles                   Charms/Air                   6
   Haste                              Charms                       6
   Discord                            Hexes                        8
Miscellaneous
 K - a fan of gales


   Skills:
 - Level 6.1 Fighting
 - Level 6.3 Armour
 - Level 3.9 Dodging
 - Level 1.1 Stealth
 - Level 11.0 Unarmed Combat
 + Level 8.8 Invocations


You had 10 spell levels left.
You didn't know any spells.

Dungeon Overview and Level Annotations

Branches:
Dungeon (12/16)            Temple (1/1) D:7            Lair (0/8) D:9
    Orc: D:9-12

Altars:
Ashenzari
Cheibriados
Dithmengos
Elyvilon
Fedhas
Kikubaaqudgha
Makhleb
Nemelex Xobeh
Okawaru
Sif Muna
Trog
Vehumet
Xom
Yredelemnul
Zin
the Shining One

Shops:
D:10 ?


Innate Abilities, Weirdness & Mutations

You are too large for most types of armour.
You have claws for hands.
Your metabolism is lightning-fast.
You like to eat raw meat.
You heal very quickly.
You can eat rotten meat.
You are covered in fur (AC +1).
You have very tough skin (AC +2).


Message History

The four-headed hydra bites you!
You completely miss the yak.
The yak is heavily wounded.
The hobgoblin hits you. The yak gores you but does no damage.
The four-headed hydra bites you!
* * * LOW HITPOINT WARNING * * *
The four-headed hydra bites you.
* * * LOW HITPOINT WARNING * * *
The four-headed hydra bites you but does no damage.
The four-headed hydra bites you!
* * * LOW HITPOINT WARNING * * *
The four-headed hydra bites you.
* * * LOW HITPOINT WARNING * * *
The four-headed hydra bites you but does no damage.
The four-headed hydra bites you!
* * * LOW HITPOINT WARNING * * *
Drink which item? (? for menu, Esc to quit)
You fade into invisibility!
The yak barely misses you. The four-headed hydra bites you!
You die...

##.#.# ###.. #<...##.......
#### #...#.........#.. #...
#.................
#...###.....#...........
#...........#....B.......
....##.......................
........%).......gD..........
.......#........@Y....%.......
................D..#.%....)..
.........................>...
.#................<..........
.............................
.............................
.............(...............
.............................
................(..........


You could see a fire dragon, a four-headed hydra, a goliath beetle, a yak
(bleeding) and a hobgoblin.

Vanquished Creatures
  2 unseen horrors (D:10)
  2 hill giants (D:11)
  A cyclops (D:12)
  2 trolls
  2 two-headed ogres
  A komodo dragon (D:10)
  11 yaks
  Eustachio (D:8)
  2 hippogriffs (D:10)
  A hill giant skeleton (D:11)
  A manticore (D:10)
  An ice beast (D:10)
  A human (D:7)
  7 centaurs
  3 orc warriors
  9 ogres
  Sigmund (D:3)
  Duvessa (D:7)
  2 giant frogs
  Blork the orc (D:7)
  A water moccasin (D:6)
  A cyclops zombie (D:10)
  An eye of draining (D:10)
  4 wights (D:9)
  A goliath beetle (D:7)
  10 crimson imps
  Dowan (D:7)
  A quasit (D:12)
  4 orc priests
  7 hounds
  A centaur skeleton (D:9)
  2 scorpions
  An iguana (D:9)
  4 orc wizards
  3 sheep (D:7)
  12 worker ants
  A killer bee zombie (D:10)
  An ogre zombie (D:6)
  2 ogre skeletons
  10 adders
  2 giant centipedes (D:9)
  6 gnolls
  2 giant mites
  5 worms
  An adder zombie (D:8)
  3 giant eyeballs
  4 giant geckos
  41 orcs
  2 ball pythons
  13 bats
  A bat skeleton (D:5)
  13 goblins
  23 hobgoblins
  12 jackals
  4 quokkas
  8 giant cockroaches
  7 giant newts
  A giant newt zombie (D:5)
  16 kobolds
  11 rats
  3 ballistomycetes (D:11)
  A plant (D:10)
299 creatures vanquished.

Vanquished Creatures (others)
  A giant spore (D:11)
1 creature vanquished.

Grand Total: 300 creatures vanquished

Notes
Turn   | Place    | Note
--------------------------------------------------------------
     0 | D:1      | Mitsuki, the Troll Monk, began the quest for the Orb.
     0 | D:1      | Reached XP level 1. HP: 22/22 MP: 1/1
     2 | D:1      | Noticed a ghoul
     2 | D:1      | Noticed a demigod
     4 | D:1      | Noticed a human
     6 | D:1      | Noticed a draconian
     8 | D:1      | Noticed a merfolk
     8 | D:1      | Noticed a dwarf
    10 | D:1      | Noticed a vampire
    10 | D:1      | Noticed an ogre
    12 | D:1      | Noticed a troll
    12 | D:1      | Noticed a tengu
    14 | D:1      | Noticed a centaur
    14 | D:1      | Noticed a minotaur
    16 | D:1      | Noticed a naga
    16 | D:1      | Noticed a demonspawn
    18 | D:1      | Noticed a felid
    20 | D:1      | Noticed an elf
    22 | D:1      | Noticed a spriggan
    22 | D:1      | Noticed an octopode
   300 | D:1      | Reached XP level 2. HP: 22/29 MP: 1/1
   923 | D:2      | Reached XP level 3. HP: 36/36 MP: 2/2
  1461 | D:3      | Reached XP level 4. HP: 44/44 MP: 2/2
  1462 | D:3      | Reached skill level 5 in Unarmed Combat
  1514 | D:3      | Noticed Sigmund
  1617 | D:3      | Killed Sigmund
  1617 | D:3      | Reached XP level 5. HP: 15/53 MP: 2/2
  2313 | D:4      | Found a glowing golden altar of the Shining One.
  2313 | D:4      | Found an ancient bone altar of Kikubaaqudgha.
  2457 | D:4      | Reached XP level 6. HP: 58/61 MP: 3/3
  2494 | D:4      | Reached skill level 6 in Unarmed Combat
  2620 | D:4      | Found a blossoming altar of Fedhas.
  2917 | D:5      | Entered Level 5 of the Dungeon
  3009 | D:5      | Found a deep blue altar of Sif Muna.
  3050 | D:5      | Reached XP level 7. HP: 31/68 MP: 3/3
  3328 | D:5      | Reached skill level 7 in Unarmed Combat
  3487 | D:5      | Reached skill level 1 in Armour
  3595 | D:6      | Reached XP level 8. HP: 67/79 MP: 3/3
  3598 | D:6      | Reached skill level 8 in Unarmed Combat
  4255 | D:7      | Found a staircase to the Ecumenical Temple.
  4350 | D:7      | Reached skill level 9 in Unarmed Combat
  4373 | Temple   | Entered the Ecumenical Temple
  4473 | Temple   | Became a worshipper of Makhleb the Destroyer
  4473 | Temple   | Acquired Makhleb's first power
  4473 | Temple   | Acquired Makhleb's second power
  4512 | D:7      | Reached skill level 5 in Fighting
  4670 | D:7      | Noticed Blork the orc
  4681 | D:7      | Killed Blork the orc
  4739 | D:7      | Noticed Dowan
  4744 | D:7      | Noticed Duvessa
  4749 | D:7      | Killed Dowan
  4754 | D:7      | Reached XP level 9. HP: 73/88 MP: 4/4
  4784 | D:7      | Killed Duvessa
  4920 | D:7      | Got a crystal falchion
  4921 | D:7      | Identified the cursed +0,+0 falchion "Veuschyfu" {slice, -Cast Int+2} (You found it on level 7 of the Dungeon)
  5245 | D:8      | Noticed Eustachio
  5255 | D:8      | Killed Eustachio
  5514 | D:8      | Reached skill level 5 in Armour
  5555 | D:8      | Found a deep blue altar of Sif Muna.
  5577 | D:8      | Found a bloodstained altar of Trog.
  5656 | D:8      | Reached skill level 10 in Unarmed Combat
  5868 | D:9      | Found a staircase to the Lair.
  5877 | D:9      | Acquired Makhleb's third power
  6236 | D:10     | Entered Level 10 of the Dungeon
  6327 | D:10     | Killed an unseen horror
  6327 | D:10     | Reached XP level 10. HP: 86/98 MP: 4/4
  6459 | D:10     | Reached skill level 11 in Unarmed Combat
  6544 | D:10     | Reached skill level 1 in Invocations
  6888 | D:10     | Killed an unseen horror
  6973 | D:10     | Found Griebaju's Magic Scroll Boutique.
  7185 | D:11     | Reached skill level 5 in Invocations
  7226 | D:11     | Noticed a hill giant
  7230 | D:11     | Killed a hill giant
  7230 | D:11     | Acquired Makhleb's fourth power
  7533 | D:11     | Noticed a hill giant
  7533 | D:11     | Reached XP level 11. HP: 96/105 MP: 16/18
  7543 | D:11     | Killed a hill giant
  7874 | D:12     | Noticed a four-headed hydra
  7997 | D:12     | Noticed a fire dragon
  8004 | D:12     | Slain by a four-headed hydra

Action                   |  1- 3 |  4- 6 |  7- 9 | 10-12 || total
-------------------------+-------+-------+-------+-------++-------
Melee: Unarmed           |   114 |   176 |   384 |   217 ||   891
Throw: Large rock        |       |       |       |     4 ||     4
Evoke: Wand              |       |     1 |     1 |       ||     2
  Use: Scroll            |       |       |    17 |     2 ||    19
       Potion            |       |       |    12 |     4 ||    16
 Stab: Sleeping          |       |     1 |       |       ||     1
